AoeStats
← Axel Sage

Arena

504348347Analyzed
2v2 RM · 27d ago on Sep 5, 2026· 20m 19s· 4 players
Game mode
Random Map
Map size
Medium (4 player)
Population
200
Speed
Normal
Resources
Standard
Victory
Conquest
Starting age
Dark Age
Ending age
Imperial Age
RankedLock teamsTeams togetherTeam positionsShared explorationLock speedFull tech treeHidden civsTurbo modeCheats
Victory
Defeat
🇦🇷 Vietnamese · Argentina
795
+12
🇹🇷 Turks · Türkiye
737
+26
🇳🇱 Inca · Netherlands
716
-14
🇮🇪 Cumans · Ireland
713
-14
Axel Sage
10:59 Feudal Age
12:02 Double-Bit Axe
14:36 Wheelbarrow
18:16 Castle Age
19:55 Bow Saw
pablo90akd
11:07 Feudal Age
11:23 Loom
15:01 Castle Age
14:01 Double-Bit Axe
Hello kitty
0:28 Loom
13:58 Feudal Age
15:11 Town Watch
16:18 Double-Bit Axe
17:17 Champi Runner
17:49 Arson
18:46 Horse Collar
18:57 Stone Mining
Lance
7:32 Loom
9:56 Feudal Age
11:30 Wheelbarrow
10:43 Double-Bit Axe
11:57 Town Watch
14:32 Horse Collar
Connection lost

Rejoining the realm…

Still unreachable

The connection could not be restored.

Session expired

The server has moved on; the page needs a fresh start.